 Dungeon Crawl Stone Soup version 0.29-a0-575-g0dc89cf053 (webtiles) character file.

Game seed: 7488348025815708107

158 jdigriz3 the Skirmisher (level 6, -2/56 HPs)
             Began as a Meteoran Cinder Acolyte on June 12, 2022.
             Was a High Priest of Ignis.
             Succumbed to a killer bee's poison
             ... on level 5 of the Dungeon.
             The game lasted 00:07:08 (339 turns).

jdigriz3 the Skirmisher (Meteoran Cinder Acolyte)    Turns: 339, Time: 00:07:12

Health: -2/56      AC:  9    Str: 16    XL:     6   Next: 0%
Magic:  9/9        EV: 11    Int: 16    God:    Ignis [*****.]
Gold:   19         SH:  0    Dex: 11    Spells: 7/7 levels left

rFire   + . .      SeeInvis .   a - -1 mace (flame)
rCold   . . .      Faith    .   (no shield)
rNeg    . . .      Spirit   .   b - +0 robe
rPois   .          Reflect  .   (no helmet)
rElec   .          Harm     .   (no cloak)
rCorr   .          Rampage  .   (no gloves)
Will    +....                   (no boots)
Stlth   +.........              (no amulet)
HPRegen 0.18/turn               l - ring of willpower
MPRegen 0.11/turn               (no ring)

@: lethally poisoned (-2 -> -16), fiery-armoured, glowing
A: sense surroundings 1, otherworldly, glowing, explore regen
a: Renounce Religion, Fiery Armour, Foxfire Swarm, Rising Flame


You were on level 5 of the Dungeon.
You worshipped Ignis.
Ignis was extremely pleased with you.
You visited 1 branch of the dungeon, and saw 5 of its levels.

You collected 19 gold pieces.

Inventory:

Hand Weapons
 a - a -1 mace of flaming (weapon)
 e - a +0 dagger
 j - a +0 flail
Missiles
 c - 3 boomerangs (quivered)
 k - 27 stones
Armour
 b - a +0 robe (worn)
Jewellery
 l - a ring of willpower (left hand)
Scrolls
 d - a scroll of identify
 f - a scroll of fog
 g - a scroll of teleportation {unknown}
 h - a scroll of poison {unknown}
 i - a scroll of summoning {unknown}


   Skills:
 + Level 5.6 Fighting
 - Level 4.0 Maces & Flails
 - Level 2.0 Throwing
 - Level 2.2 Unarmed Combat
 - Level 1.3 Spellcasting
 - Level 3.7 Fire Magic


You had 7 spell levels left.
You didn't know any spells.
Your spell library contained the following spells:

 Spells                   Type           Power      Damage    Failure   Level
 Scorch                   Fire           26%        2d6       7%          2


Dungeon Overview and Level Annotations

Branches:
Dungeon (5/15)
 Temple: D:4-7

Altars:


Innate Abilities, Weirdness & Mutations

You passively map a small area around you.
You are easily found by Zot.
You glow in the dark.
You regain HP and MP as you explore.


Message History

The killer bee poisons you!
The killer bee is burned by your cloak of flames.
The killer bee is severely wounded.
The killer bee stings you.
* * * LOW HITPOINT WARNING * * *
The killer bee is burned by your cloak of flames.
You kill the killer bee!
The killer bee stings you but does no damage.
The killer bee is burned by your cloak of flames.
You kill the killer bee!
Your Fighting skill increases to level 5!
You have reached level 5!
You have reached level 6!
You feel clever.
You aren't carrying any potions.
Unknown command.
As you read the scroll labelled QOG SOMEAG ROU, it crumbles to dust.
It is a scroll of identify.
f - a scroll of fog
* * * LOW HITPOINT WARNING * * *
You feel very sick. The killer bee completely misses you. The adder misses you.
The killer bee stings you.
* * * LOW HITPOINT WARNING * * *
You are more poisoned.
The killer bee poisons you!
The killer bee is burned by your cloak of flames.
The killer bee is lightly wounded.
* * * LOW HITPOINT WARNING * * *
You feel very sick. The adder closely misses you.
The adder bites you but does no damage.
The adder is burned by your cloak of flames.
The adder is heavily wounded.
The killer bee attacks as you move away!
The killer bee stings you.
* * * LOW HITPOINT WARNING * * *
The killer bee is burned by your cloak of flames.
The killer bee is heavily wounded.
The adder attacks as you move away! The adder barely misses you.
You die...

* , * ,, , * ,, , , *
* * , , ## , ###. .# ,
#.......# *.# # *
#.......######.##....
,
#.......#J†y.@.......
*
#.......#.#Sy.......#
,
#..$....#.#.........#,
#......$............#
,,
###.##................
, ,
......................
##.##.<.#.#....#.#..#
* #..##.#.......... ,
* *#..##.#...#.$


You could see a jelly, 2 killer bees and an adder.

Vanquished Creatures
  3 killer bees (D:5)
  2 adders (D:2)
  2 ball pythons
  An endoplasm (D:3)
  2 goblins (D:2)
  A quokka (D:3)
  A bat (D:2)
12 creatures vanquished.

Notes
Turn   | Place    | Note
-------+----------+-------------------------------------------
     0 | D:1      | jdigriz3 the Meteoran Cinder Acolyte began the quest for
                  | the Orb.
     0 | D:1      | Reached XP level 1. HP: 19/19 MP: 3/3
   105 | D:2      | Reached XP level 2. HP: 26/26 MP: 5/5
   147 | D:2      | Reached skill level 1 in Throwing
   147 | D:2      | Reached XP level 3. HP: 31/31 MP: 6/6
   323 | D:5      | Entered Level 5 of the Dungeon
   325 | D:5      | Noticed a killer bee
   325 | D:5      | Noticed a killer bee
   325 | D:5      | Noticed a killer bee
   326 | D:5      | Noticed a killer bee
   330 | D:5      | Noticed a killer bee
   333 | D:5      | Killed a killer bee
   334 | D:5      | Reached skill level 4 in Fighting
   334 | D:5      | Reached XP level 4. HP: 31/41 MP: 7/7
   337 | D:5      | Reached skill level 5 in Fighting
   337 | D:5      | Reached XP level 5. HP: 10/49 MP: 8/8
   337 | D:5      | Reached XP level 6. HP: 12/56 MP: 9/9
   339 | D:5      | HP: 2/56 [killer bee (1)]
   339 | D:5      | Succumbed to a killer bee's poison

Illustrated notes

Levels and vault maps discovered:
D:1:      minmay_arrival_nine_rooms, layout_basic
D:2:      layout_basic, hellmonk_ecumenical_altar_lost_god,
          hangedman_abyss_or_decor_lesser_grid, grunt_ministairs_5
D:3:      layout_basic, st_stairs_14, due_unseen_surprise
D:4:      nicolae_cairo_tiling_large_dashed, layout_rooms,
          minmay_misc_feat_cross
D:5:      minmay_thinvault, layout_basic, gammafunk_ghost_abyssal_escape,
          grunt_decor_one_mirror

Skill      XL: |  1  2  3  4 |
---------------+-------------+-----
Unarmed Combat | 2 |  2.2
Throwing       | 1 2 |  2.0
Fighting       | 4 5 |  5.6
Maces & Flails | |  4.0
Spellcasting   | |  1.3
Fire Magic     | |  3.7

Action                   |  1- 3 |  4- 6 || total
-------------------------+-------+-------++-------
Melee: Mace              |     7 |     1 ||     8
Throw: Boomerang         |    14 |       ||    14
Invok: Fiery Armour      |     2 |       ||     2
  Use: Scroll            |       |     1 ||     1
Armor: Robe              |    10 |     5 ||    15
Dodge: Dodged            |     6 |     9 ||    15

Table legend: (Time is in decaauts)
 A = Elapsed time spent in this place.
 B = Non-inter-level travel time spent in this place.
 C = Inter-level travel time spent in this place.
 D = Time resting spent in this place.
 E = Time spent auto-exploring this place.
 F = Levels seen in this place.
 G = Mean time per level.
                   A        B        C        D        E       F      G
               +--------+--------+--------+--------+--------+-----+--------+
         Total |    342 |    342 |      0 |      0 |      0 |   5 |   68.4 |
       Dungeon |    342 |    342 |      0 |      0 |      0 |   5 |   68.4 |
               +--------+--------+--------+--------+--------+-----+--------+

Top non-repeatable levels by time:
     D:2: 144 daAuts
     D:3: 108 daAuts
     D:1: 40 daAuts
     D:4: 32 daAuts
     D:5: 16 daAuts
